 Dungeon Crawl Stone Soup version 0.20-a0-350-ga83eecc (webtiles) character file.

10770 junb69 the Carver (level 11, -4/81 HPs)
             Began as a Human Gladiator on Dec 23, 2016.
             Was the Champion of the Shining One.
             Slain by a profane servitor
             ... wielding a +1 demon whip of freezing
              (13 damage)
             ... on level 1 of the Abyss.
             The game lasted 00:31:52 (12736 turns).

junb69 the Carver (Human Gladiator)                Turns: 12736, Time: 00:31:52

Health: -4/81      AC: 18    Str: 15    XL:     11   Next: 99%
Magic:  11/11      EV: 17    Int: 10    God:    the Shining One [******]
Gold:   546        SH:  4    Dex: 16    Spells: 10/10 levels left

rFire  . . .     SeeInvis .     J - +0 scimitar (curse)
rCold  . . .     Gourm    .     x - +0 scale mail
rNeg   + + +     Faith    +     (no shield)
rPois  .         Spirit   .     c - +0 helmet
rElec  .         Reflect  .     e - +2 cloak
rCorr  .         Harm     .     b - +1 pair of gloves
MR     .....     Clarity  +     i - +0 pair of boots
Stlth  ..........               A - amulet of faith (curse)
                                (no ring)
                                (no ring)

@: very slightly contaminated, hasted, very quick
A: repulsion field 1, large bone plates 1, slimy green scales 1, clarity, frail
1, subdued magic 1
a: Divine Shield, Cleansing Flame, Summon Divine Warrior, Brand Weapon With Holy
Wrath, Renounce Religion


You were on level 1 of the Abyss.
You worshipped the Shining One.
The Shining One was exalted by your worship.
You were hungry.

You visited 2 branches of the dungeon, and saw 11 of its levels.
You visited the Abyss 1 time.
You also visited: Ossuary.

You collected 595 gold pieces.
You spent 49 gold pieces at shops.

Inventory:

Hand Weapons
 J - a cursed +0 scimitar (weapon)
Missiles
 d - a throwing net
 y - 3 javelins of returning (quivered)
Armour
 b - a +1 pair of gloves (worn)
 c - a +0 helmet (worn)
 e - a +2 cloak (worn)
 i - a +0 pair of boots (worn)
 x - a +0 scale mail (worn)
Jewellery
 h - an uncursed ring of ice {unknown}
 p - an uncursed amulet of the gourmand {unknown}
 A - a cursed amulet of faith (around neck)
Wands
 a - a wand of lightning (12/15)
 q - a wand of polymorph (11/24)
 s - a wand of confusion (22/48)
 E - a wand of acid (7/15)
 M - a wand of disintegration (10/24)
 O - a wand of polymorph (14/24)
Scrolls
 k - 2 scrolls of amnesia
 r - 3 scrolls of identify
 v - 3 scrolls of magic mapping
 w - a scroll of enchant weapon
 B - a scroll of immolation
 C - 3 scrolls of remove curse
 I - a scroll of fog
Potions
 l - a potion of cancellation
 u - a potion of brilliance
 z - a potion of agility
 H - 2 potions of flight
 K - a potion of lignification
Books
 N - a book of Enchantments

   Spells                             Type                      Level
   a - Cause Fear                     Hexes                        4
   b - Yara's Violent Unravelling     Hexes/Transmutation          5
   c - Silence                        Hexes/Air                    5
   d - Deflect Missiles               Charms/Air                   6
   e - Discord                        Hexes                        8
Comestibles
 f - 8 bread rations
 g - 2 meat rations
 j - 9 royal jellies
 m - 5 chunks of flesh
 o - 11 slices of pizza
 L - 4 beef jerkies


   Skills:
 - Level 10.1 Fighting
 - Level 10.2 Long Blades
 - Level 2.0 Throwing
 * Level 8.3 Armour
 * Level 8.9 Dodging


You had 10 spell levels left.
You didn't know any spells.

Dungeon Overview and Level Annotations

Branches:
Dungeon (10/15)            Temple (1/1) D:5             Orc (0/2) D:10
   Lair: D:8-11

Altars:
Ashenzari
Cheibriados
Dithmenos
Elyvilon
Hepliaklqana
Kikubaaqudgha
Makhleb
Okawaru
Ru
Sif Muna
Trog
Uskayaw
Vehumet
Yredelemnul
Zin
The Shining One

Shops:
D:4 [   D:8 %

Annotations:
D:6 1 exclusion
D:9 Grum
D:10 Sonja


Innate Abilities, Weirdness & Mutations

You are surrounded by a mild repulsion field. (EV +2)
You are partially covered in large bone plates. (SH +4)
You are partially covered in slimy green scales. (AC +2)
You possess an exceptional clarity of mind.
You are frail. (-10% HP)
Your spells are a little easier to cast, but a little less powerful.


Message History

There is a gateway leading deeper into the Abyss here.
Found a scale mail.
An emperor scorpion zombie comes into view.
You hit the profane servitor but do no damage.
The profane servitor completely misses you.
You riposte.
You hit the profane servitor but do no damage.
The profane servitor hits you with a demon whip of freezing!
* * * LOW HITPOINT WARNING * * *
The profane servitor freezes you.
* * * LOW HITPOINT WARNING * * *
You closely miss the profane servitor.
The profane servitor hits you with a demon whip of freezing.
* * * LOW HITPOINT WARNING * * *
The profane servitor freezes you.
* * * LOW HITPOINT WARNING * * *
The profane servitor barely misses you.
You closely miss the profane servitor.
The profane servitor hits you with a demon whip of freezing!
You die...

...#.....#...
............
......[... . Z.
........ .. ..
#..... ....
...###...###...#
....#.....#..... .
## ........@.......
. ..
........A........
................. .
##..##..##..##..# #
##..##..##..##..# #
............... #
...................#
##..##..##..##.. #.
# ##_. #..##..# .
...


You could see a profane servitor.

Vanquished Creatures
  A two-headed ogre (D:10)
  Pikel (D:6)
  Maurice (D:8)
  A queen bee (D:9)
  A troll (D:10)
  A hornet (D:10)
  2 wyverns
  8 yaks
  A water moccasin (D:6)
  2 orc warriors
  An ice beast (D:8)
  2 phantoms
  A necrophage (D:8)
  9 ogres
  7 centaurs
  3 wolves (D:8)
  8 big kobolds
  3 elf zombies (Ossuary)
  8 bullfrogs
  A gnoll sergeant (D:9)
  4 scorpions
  36 killer bees
  3 wights (D:6)
  2 howler monkeys
  5 crimson imps
  2 human zombies (Ossuary)
  3 bullfrog zombies
  2 jellies
  13 orc wizards
  An orc priest (D:7)
  2 bullfrog skeletons (D:10)
  2 hounds
  2 centaur skeletons
  An iguana (D:7)
  Ijyb (D:2)
  12 worker ants
  4 hound zombies (Ossuary)
  A hound skeleton (D:9)
  3 mummies (Ossuary)
  A worker ant zombie (D:9)
  12 gnolls
  6 adders
  A shadow imp (D:7)
  6 adder zombies
  2 adder skeletons
  3 worms
  4 dart slugs
  A leopard gecko (D:7)
  45 orcs
  7 giant cockroaches
  3 gnoll zombies (Ossuary)
  3 goblins
  5 hobgoblins
  10 jackals
  18 kobolds
  2 quokkas (D:5)
  2 ball pythons
  6 bats
  8 frilled lizards
  5 goblin zombies (Ossuary)
  4 jackal zombies (Ossuary)
  2 kobold zombies (Ossuary)
  A leopard gecko zombie (D:5)
  A quokka zombie (Ossuary)
  8 rats
  3 rat zombies (Ossuary)
330 creatures vanquished.

Vanquished Creatures (others)
  A slave (D:7)
  A necrophage (D:7)
  2 crimson imps (D:7)
  2 adders (D:7)
  A shadow imp (D:7)
  A quokka (D:7)
  A quokka skeleton (D:7)
9 creatures vanquished.

Grand Total: 339 creatures vanquished

Notes
Turn   | Place    | Note
-------+----------+-------------------------------------------
     0 | D:1      | junb69 the Human Gladiator began the quest for the Orb.
     0 | D:1      | Reached XP level 1. HP: 16/16 MP: 1/1
     0 | D:1      | Noticed a dwarf
     0 | D:1      | Noticed a vampire
     7 | D:1      | Noticed an octopode
    13 | D:1      | Noticed an ogre
    15 | D:1      | Noticed a gargoyle
    17 | D:1      | Noticed an elf
    19 | D:1      | Noticed an octopode
    21 | D:1      | Noticed a centaur
   253 | D:1      | Reached XP level 2. HP: 3/22 MP: 2/2
   849 | D:1      | Reached XP level 3. HP: 23/27 MP: 3/3
  1299 | D:2      | Noticed Ijyb
  1314 | D:2      | Killed Ijyb
  1314 | D:2      | Reached XP level 4. HP: 33/33 MP: 4/4
  1631 | D:2      | Reached skill level 5 in Long Blades
  2223 | D:3      | Reached XP level 5. HP: 36/38 MP: 5/5
  2666 | D:3      | Noticed Terence
  2675 | D:3      | Noticed Terence
  2675 | D:3      | Terence changed into Terence the gnoll
  2679 | D:3      | Killed Terence the gnoll
  2900 | D:4      | Noticed Blork the orc
  2907 | D:4      | Noticed Blork
  2907 | D:4      | Blork the orc changed into Blork the gnoll
  2915 | D:4      | Killed Blork the gnoll
  2915 | D:4      | Reached XP level 6. HP: 40/44 MP: 6/6
  3057 | D:4      | Noticed a phantom
  3144 | D:4      | Killed a phantom
  3161 | D:4      | Gained mutation: You are frail. (-10% HP) [potion of mutation]
  3161 | D:4      | Gained mutation: You are surrounded by a mild repulsion field. (EV +2) [potion of mutation]
  3161 | D:4      | Gained mutation: Your mind is acute. (Int +2) [potion of mutation]
  3371 | D:4      | Gained mutation: Your spells are a little easier to cast, but a little less powerful. [potion of mutation]
  3371 | D:4      | Gained mutation: You are partially covered in slimy green scales. (AC +2) [potion of mutation]
  3372 | D:4      | Lost mutation: Your mind is acute. (Int +2) [potion of mutation]
  3372 | D:4      | Gained mutation: You possess an exceptional clarity of mind. [potion of mutation]
  3372 | D:4      | Gained mutation: You are partially covered in large bone plates. (SH +4) [potion of mutation]
  3477 | D:4      | Reached XP level 7. HP: 34/45 MP: 7/7
  3517 | D:4      | Found Entopry's Armour Boutique.
  3534 | D:4      | Bought a +0 pair of gloves for 49 gold pieces
  3944 | D:5      | Entered Level 5 of the Dungeon
  4333 | D:5      | Found a staircase to the Ecumenical Temple.
  4346 | Temple   | Entered the Ecumenical Temple
  4453 | Temple   | Became a worshipper of the Shining One
  4983 | D:5      | Reached XP level 8. HP: 48/50 MP: 8/8
  5134 | D:6      | Found a sand-covered staircase.
  5140 | Ossuary  | Entered an ossuary
  5178 | Ossuary  | Reached * piety under the Shining One
  5259 | Ossuary  | Reached ** piety under the Shining One
  5346 | Ossuary  | Reached *** piety under the Shining One
  5435 | Ossuary  | Reached skill level 10 in Long Blades
  5556 | D:6      | Reached **** piety under the Shining One
  5648 | D:6      | Reached XP level 9. HP: 43/58 MP: 9/9
  5703 | D:6      | Found an iron altar of Okawaru.
  5750 | D:6      | Reached skill level 5 in Fighting
  6760 | D:7      | Noticed Pikel
  6794 | D:6      | Killed Pikel
  6904 | D:7      | Reached XP level 10. HP: 57/73 MP: 10/10
  7016 | D:7      | Found an ancient bone altar of Kikubaaqudgha.
  7642 | D:8      | Reached ***** piety under the Shining One
  7671 | D:8      | Reached skill level 10 in Fighting
  7800 | D:8      | Reached skill level 1 in Armour
  8162 | D:8      | Noticed Maurice
  8263 | D:8      | Killed Maurice
  8495 | D:8      | Found Jiweis's Food Shoppe.
  8510 | D:8      | Noticed Grum
  8527 | D:8      | Reached skill level 5 in Dodging
  9526 | D:9      | Reached XP level 11. HP: 46/81 MP: 11/11
  9534 | D:9      | Reached skill level 5 in Armour
  9586 | D:8      | HP: 4/81 [poisoned by a killer bee]
  9956 | D:9      | HP: 6/121 [poisoned by a killer bee]
  9961 | D:9      | HP: 4/121 [poisoned by a killer bee]
  9967 | D:9      | HP: 1/121 [poisoned by a killer bee]
  9972 | D:9      | HP: 1/121 [poisoned by a killer bee]
  9979 | D:9      | HP: 1/121 [poisoned by a killer bee]
  9987 | D:9      | HP: 1/121 [poisoned by a killer bee]
 10901 | D:10     | Entered Level 10 of the Dungeon
 11186 | D:10     | Noticed a two-headed ogre
 11196 | D:10     | Killed a two-headed ogre
 11283 | D:10     | Noticed Sonja
 11408 | D:10     | Found a staircase to the Orcish Mines.
 12038 | D:10     | Reached ****** piety under the Shining One
 12543 | D:10     | Cast into level 1 of the Abyss (Sonja)
 12543 | Abyss:1  | Found a corrupted altar of Lugonu.
 12657 | Abyss:1  | Noticed a rakshasa
 12708 | Abyss:1  | Noticed a profane servitor
 12720 | Abyss:1  | Found a viscous altar of Jiyva.
 12736 | Abyss:1  | Slain by a profane servitor

Vault maps used:
D:1:      shiori_arrival_whats_in_store_for_you
D:2:      uniq_iyjb
D:3:      uniq_terence
D:4:      serial_shops, nicolae_shop_temple_entry_statues_fountains,
          first_bread, uniq_blork_the_orc
D:5:      serial_bayou_pond_c
D:6:      kennysheep_okawaru_gauntlet, nicolae_ossuary_entry_plus
D:7:      nicolae_overflow_crystal_walls, uniq_pikel
D:8:      serial_shops, kennysheep_mini_moat, uniq_grum, uniq_maurice
D:9:      nicolae_overflow_hidden_temple, grunt_pizzeria, hex_intersection,
          dk_rats_in_the_wall
D:10:     kennysheep_orc_monster_closet_entryway, uniq_sonja
Temple:   dpeg_five_rooms_temple
Ossuary:  minmay_ossuary_two_tombs

Skill      XL: |  1  2  3  4  5  6  7  8  9 10 11 |
---------------+----------------------------------+-----
Long Blades    | 4 5 6 7 8 10 | 10.2
Fighting       | 3 8 10 | 10.1
Armour         | 4 8 |  8.3
Dodging        | 5 8 |  8.9
Throwing       | |  2.0

Action                   |  1- 3 |  4- 6 |  7- 9 | 10-12 || total
-------------------------+-------+-------+-------+-------++-------
Melee: Long sword        |    58 |   214 |   346 |       ||   618
       Scimitar          |       |       |   124 |   626 ||   750
Throw: Javelin           |       |    10 |     1 |     2 ||    13
       Throwing net      |       |       |     1 |     1 ||     2
Evoke: Wand              |       |     2 |       |       ||     2
  Use: Scroll            |       |     6 |     2 |    11 ||    19
       Potion            |       |     5 |     1 |    12 ||    18
  Eat: Chunk             |     1 |     6 |    10 |    13 ||    30
       Royal jelly       |       |     1 |       |       ||     1
       Beef jerky        |       |       |     1 |       ||     1
       Bread ration      |       |       |       |     1 ||     1
       Pizza             |       |       |       |     1 ||     1
Armor: Ring mail         |    22 |    92 |   118 |   117 ||   349
       Leather armour    |     1 |       |       |       ||     1
       Scale mail        |       |       |       |    77 ||    77
       Skin              |       |       |       |     2 ||     2
Dodge: Dodged            |    50 |   147 |   259 |   458 ||   914
Block: Other             |       |     2 |    72 |   137 ||   211
       Rpst.: Long sword |    17 |    37 |    63 |       ||   117
       Scimitar          |       |       |    23 |   140 ||   163
